 Dungeon Crawl Stone Soup version 0.26-a0-980-g0fe3eaa9ac (webtiles) character file.

Game seed: 2221730925637677925

95307 pablito the Unseen (level 15, -4/82 HPs)
             Began as a Spriggan Enchanter on Dec 5, 2020.
             Was a High Priest of Uskayaw.
             Hit by a large rock thrown by a cyclops (36 damage)
             ... on level 2 of the Orcish Mines on Dec 6, 2020.
             The game lasted 03:26:53 (40542 turns).

pablito the Unseen (Spriggan Enchanter)            Turns: 40542, Time: 03:26:54

Health: -4/82      AC:  8    Str:  7    XL:     15   Next: 66%
Magic:  26/31      EV: 33    Int: 22    God:    Uskayaw [*****.]
Gold:   1413       SH: 11    Dex: 23    Spells: 18/36 levels left

rFire    . . .     SeeInvis +   b - +11 dagger of Circularity {flame, rN+}
rCold    . . .     Faith    .   r - +2 buckler
rNeg     + . .     Spirit   .   P - +0 steam dragon scales
rPois    .         Reflect  .   (helmet restricted)
rElec    .         Harm     .   D - +2 cloak
rCorr    .         Rampage  .   (gloves unavailable)
MR       ++...                  (boots unavailable)
Stlth    +++++++...             T - amulet of the acrobat
HPRegen  0.00/turn              f - ring "Ygecuenk" {Str+6 Dex+6}
MPRegen  0.22/turn              L - +4 ring of slaying

@: very slightly contaminated, studying Fighting, invisible, very quick
A: very small, unfitting armour, see invisible, speed 3, inhibited regeneration,
weak 2
a: Stomp, Line Pass, Grand Finale, Renounce Religion


You were on level 2 of the Orcish Mines.
You worshipped Uskayaw.
Uskayaw was noncommittal.
You visited 3 branches of the dungeon, and saw 23 of its levels.
You visited the Abyss 1 time.
You also visited: Gauntlet and Ice Cave.

You collected 3900 gold pieces.
You spent 2487 gold pieces at shops.

Inventory:

Hand Weapons
 b - the +11 dagger of Circularity (weapon) {flame, rN+}
   (You bought it in a shop on level 1 of the Orcish Mines)

   It has been specially enchanted to burn those struck by it, causing extra
   injury to most foes and up to half again as much damage against particularly
   susceptible opponents.
   It protects you from negative energy.
 w - a +7 short sword of speed
Armour
 r - a +2 buckler (worn)
 D - a +2 cloak (worn)
 N - a +1 robe of fire resistance
 P - +0 steam dragon scales (worn)
Jewellery
 e - the ring of Wuamakem {Int+2 Stlth-}
   (You found it in an ice cave)

   [ring of attention]

   It affects your intelligence (+2).
   It makes you less stealthy.
 f - the ring "Ygecuenk" (left hand) {Str+6 Dex+6}
   (You found it in an ice cave)

   [ring of dexterity]

   It affects your strength (+6).
   It affects your dexterity (+6).
 p - an uncursed amulet of faith
 F - the ring "Varoiv" {Fire Int+4}
   (You found it on level 2 of the Lair of Beasts)

   [ring of fire]

   It enhances your fire magic.
   It affects your intelligence (+4).
   It protects you from fire.
   It makes you vulnerable to cold.
 L - a +4 ring of slaying (right hand)
 O - a +6 ring of intelligence
 R - the ring of Nuinulo {rPois rN+ Dex+6 Slay-4}
   (You found it in an ice cave)

   [ring of dexterity]

   It affects your dexterity (+6).
   It affects your accuracy and damage with ranged weapons and melee attacks
   (-4).
   It protects you from poison.
   It protects you from negative energy.
 T - an amulet of the acrobat (around neck)
 U - an uncursed ring of wizardry
 X - an uncursed amulet of magic regeneration
Wands
 i - a wand of paralysis (29)
 l - a wand of acid (21)
 m - a wand of disintegration (6)
 v - a wand of polymorph (41)
 y - a wand of iceblast (32)
 z - a wand of enslavement (19)
 I - a wand of digging (7)
 Z - a wand of flame (11)
Scrolls
 j - 5 scrolls of identify
 n - 4 scrolls of fog
 u - 6 scrolls of remove curse
 x - 7 scrolls of teleportation
 C - 2 scrolls of amnesia
 K - 5 scrolls of immolation
 W - a scroll of magic mapping
 Y - 2 scrolls of blinking
Potions
 a - 2 potions of lignification
 d - 6 potions of cancellation
 g - 4 potions of brilliance
 k - 2 potions of invisibility
 o - 2 potions of ambrosia
 s - 4 potions of flight
 t - 2 potions of magic
 A - a potion of heal wounds
 B - 5 potions of attraction
 E - 5 potions of mutation
 G - 3 potions of might
 J - 2 potions of resistance
 M - 3 potions of haste
 V - 7 potions of curing
Books
 q - a manual of Fighting
Miscellaneous
 c - a condenser vane (inert)
 h - a phial of floods
 H - a phantom mirror


   Skills:
 + Level 11.0 Fighting
 + Level 10.3 Short Blades
 + Level 14.8 Dodging
 - Level 18.0 Stealth
 - Level 7.2 Shields
 + Level 11.0 Spellcasting
 + Level 10.9 Hexes
 + Level 12.5 Translocations
 - Level 4.0 Transmutations
 - Level 3.0 Earth Magic
 + Level 7.3 Invocations


You had 18 spell levels left.
You knew the following spells:

 Your Spells              Type           Power        Failure   Level
a - Corona                Hex            ######.      1%          1
b - Ensorcelled Hibernat  Hex/Ice        #####.       1%          2
c - Confusing Touch       Hex            ######..     1%          3
d - Passwall              Tmut/Erth      ####....     1%          2
e - Invisibility          Hex            ######..     10%         6
f - Passage of Golubria   Tloc           N/A          1%          4

Your spell library contained the following spells:

 Spells                   Type           Power        Failure   Level
 Sandblast                Erth           ####..       1%          1
 Slow                     Hex            ######..     1%          2
 Dazzling Flash           Conj/Hex       #####.       1%          3
 Inner Flame              Hex/Fire       #####...     1%          3
 Portal Projectile        Hex/Tloc       ######       1%          3
 Tukima's Dance           Hex            ######..     1%          3
 Cause Fear               Hex            ######....   1%          4
 Leda's Liquefaction      Hex/Erth       #####.....   3%          4
 Iskenderun's Mystic Bla  Conj/Tloc      #####...     4%          4
 Freeze                   Ice            ##..         5%          1
 Magic Dart               Conj           ##..         5%          1
 Fulminant Prism          Conj/Hex       #####.....   6%          4
 Searing Ray              Conj           ##....       9%          2
 Swiftness                Air            ##......     9%          2
 Stone Arrow              Conj/Erth      ###...       9%          3
 Petrify                  Tmut/Erth      ####....     13%         4
 Frozen Ramparts          Ice            ##....       16%         3
 Ozocubu's Armour         Ice            ##......     16%         3
 Lee's Rapid Deconstruct  Erth           ####......   41%         5
 Hailstorm                Conj/Ice       ##......     47%         4
 Summon Ice Beast         Ice/Summ       ##......     47%         4
 Irradiate                Conj/Tmut      ###.......   54%         5
 Hydra Form               Tmut           ####......   85%         6
 Statue Form              Tmut/Erth      ####.....    89%         6
 Dragon Form              Tmut           ####......   100%        7


Dungeon Overview and Level Annotations

Branches:
Dungeon (15/15)            Temple (0/1) D:5            Lair (6/6) D:9
 Shoals (0/4) Lair:4       Spider (0/4) Lair:3        Slime (0/5) Lair:6
    Orc (2/2) D:12         Vaults (0/5) D:13         Depths (0/5) D:15
  IceCv (visited)         Gauntlet (visited)
    Elf: Orc:2

Altars:
Cheibriados
Gozag
Hepliaklqana
Qazlal
Ru
Sif Muna
Trog
Uskayaw
Vehumet
The Shining One
Jiyva

Shops:
D:4 !   D:5 =   D:8 :   D:11 ?   D:14 *   D:15 (   Orc:1 (*!   Orc:2 (=

Annotations:
D:10 2 runed translucent doors, exclusion: orange crystal statue
D:14 2 transporters, Juagon's ghost, journeyman FoAK


Innate Abilities, Weirdness & Mutations

You are very small and have problems with some larger weapons.
You are too small for most types of armour.
You have supernaturally acute eyesight. (SInv)
You cover ground extremely quickly.
You do not regenerate when monsters are visible.
You are very weak. (Str -4)


Message History

You kill the ogre!
The two-headed ogre is engulfed in blazing flames.
The ogre is engulfed in blazing flames.
The two-headed ogre is engulfed in blazing flames. x2
The ogre is engulfed in blazing flames. x2
The troll is engulfed in blazing flames.
The cyclops is engulfed in blazing flames.
The cyclops completely misses you.
You puncture the cyclops! You burn the cyclops.
The cyclops is severely wounded.
The ogre mage is engulfed in blazing flames.
The ogre mage completely misses you.
The ogre is engulfed in blazing flames. x2
The troll is engulfed in blazing flames.
The ogre is engulfed in blazing flames.
You kill the ogre!
The two-headed ogre is engulfed in blazing flames.
The ogre mage is engulfed in blazing flames.
The cyclops is engulfed in blazing flames.
The cyclops throws a large rock.
The large rock hits you!!!
You die...

........
.........∩.......##
..................##
..........§§§......##
..#.......§§§.......
..#..#...§§§C§§§§#.
.#...###O§§§O§§§§.#
###.###)O§§OOOO§O.#
..###$.))§TOOOOC@(#
.......†#§§#§T§O§.#
.........####§§§§.#
........## ##...##
...#.#### #####
#..### #... #...#
##.##


You could see 4 two-headed ogres, 2 ogre magi, 2 cyclopes, 2 trolls and 5 ogres.

Vanquished Creatures
  A fire giant (D:15)
  A fire dragon (Lair:6)
  Josephine (D:15)
  Harold (Lair:1)
  3 ice dragons
  4 boulder beetles
  5 hydras
  A centaur warrior (D:14)
  A death yak (Lair:4)
  18 two-headed ogres
  3 ogre magi
  An orc high priest (Orc:1)
  Urug (Lair:1)
  Sonja (Lair:5)
  2 unseen horrors
  4 wizards
  2 deep trolls
  Pikel (D:5)
  An orb spider (shapeshifter) (D:15)
  3 orc knights
  An ugly thing (D:12)
  3 deep elf magi
  5 orc sorcerers (Orc:1)
  4 cyclopes
  Maurice (D:11)
  A salamander (D:14)
  6 elephants (Lair:5)
  8 black mambas
  A torpor snail (Lair:4)
  A molten gargoyle (Lair:6)
  2 gargoyles
  12 cane toads
  2 centaur skeletons (D:15)
  An efreet (D:13)
  15 komodo dragons
  4 kobold demonologists
  7 rime drakes
  3 polar bears (D:13)
  A tengu conjurer (D:13)
  13 trolls
  9 blink frogs
  7 dream sheep (Lair:5)
  3 redbacks (Lair:3)
  2 shadows (D:11)
  6 wyverns
  79 yaks
  A vampire (D:15)
  6 wraiths
  4 basilisks
  Eustachio (D:4)
  A steam dragon (Lair:6)
  11 vampire mosquitoes
  Menkaure (D:5)
  5 wargs
  5 acid dragons
  2 hell hounds (Lair:6)
  11 water moccasins
  4 sky beasts
  A hornet zombie (D:12)
  11 orc warriors
  25 ogres
  An eye of draining (D:8)
  20 ice beasts
  2 necrophages
  4 black bears
  3 phantoms
  9 wolves
  9 centaurs
  4 big kobolds
  2 lemures (D:5)
  20 bullfrogs
  A wyvern zombie (D:7)
  A wyvern skeleton (D:9)
  3 scorpions
  3 killer bees (D:10)
  18 wights
  4 howler monkeys
  2 lava snakes (Lair:6)
  3 quasits
  3 bullfrog zombies
  4 centaur zombies
  8 hounds
  6 jellies
  A bullfrog skeleton (D:9)
  12 orc priests
  The ghost of Sun the Caller, a weakling FeSu (D:3)
  3 iguanas
  Ijyb (D:5)
  19 orc wizards
  4 hell rats (Lair:2)
  9 worker ants
  A killer bee zombie (D:8)
  2 hound skeletons
  3 worker ant zombies
  13 adders
  2 gnolls
  A shadow imp (D:6)
  2 white imps
  2 ufetubi
  An ooze (D:2)
  An adder zombie (D:6)
  3 adder skeletons
  2 worms
  2 dart slugs (D:2)
  7 leopard geckos
  56 orcs
  A ball python (D:6)
  2 giant cockroaches
  13 goblins
  6 hobgoblins
  12 jackals
  6 quokkas
  9 bats
  4 frilled lizards
  26 kobolds
  A leopard gecko zombie (D:5)
  A quokka skeleton (D:5)
  10 rats
  A bush (Lair:4)
711 creatures vanquished.

Vanquished Creatures (collateral kills)
  A troll (Orc:2)
1 creature vanquished.

Vanquished Creatures (others)
  A deep troll (Orc:2)
  A lindwurm (Lair:6)
  A yak (D:13)
  4 ogres (Orc:2)
  A wolf (D:13)
  An orc (D:15)
  A kobold (D:13)
  38 fungi
  35 plants
83 creatures vanquished.

Grand Total: 795 creatures vanquished

Notes
Turn   | Place    | Note
-------+----------+-------------------------------------------
     0 | D:1      | pablito the Spriggan Enchanter began the quest for the Orb.
     0 | D:1      | Reached XP level 1. HP: 9/9 MP: 5/5
   886 | D:1      | Reached XP level 2. HP: 13/13 MP: 6/6
   935 | D:1      | Reached skill level 5 in Stealth
   949 | D:1      | Learned a level 2 spell: Ensorcelled Hibernation
  2571 | D:1      | Reached XP level 3. HP: 16/16 MP: 0/8
  3096 | D:2      | Reached skill level 6 in Stealth
  3535 | D:2      | Reached XP level 4. HP: 21/21 MP: 4/9
  3776 | D:2      | Found an opulent altar of Gozag.
  3779 | D:2      | Found a hide-covered altar of Uskayaw.
  3785 | D:2      | Found a stormy altar of Qazlal.
  3790 | D:2      | Became a worshipper of Uskayaw the Reveller
  3929 | D:2      | Reached * piety under Uskayaw
  4478 | D:3      | Found a transporter.
  4478 | D:3      | Noticed Sun's ghost (weakling FeSu)
  4479 | D:3      | Identified the +5 dire flail "Vuusizof" {vorpal, Int+2}
  4479 | D:3      | Noticed an ogre
  4480 | D:3      | Found a transporter.
  4783 | D:2      | HP: 2/21 [poisoned by an adder]
  5226 | D:3      | Reached ** piety under Uskayaw
  5253 | D:3      | Learned a level 3 spell: Confusing Touch
  5560 | D:4      | Reached skill level 7 in Stealth
  5560 | D:4      | Reached XP level 5. HP: 15/24 MP: 0/10
  5840 | D:4      | Found Nahi's Distillery.
  5853 | D:4      | Bought a potion of heal wounds for 65 gold pieces
  5853 | D:4      | Bought 2 potions of curing for 78 gold pieces
  5982 | D:4      | Noticed an orc warrior
  6237 | D:4      | Killed an orc warrior
  6238 | D:4      | Reached skill level 5 in Short Blades
  6238 | D:4      | Reached skill level 8 in Stealth
  6238 | D:4      | Reached XP level 6. HP: 28/28 MP: 8/11
  6699 | D:4      | Learned a level 2 spell: Passwall
  6890 | D:4      | Noticed Eustachio
  7032 | D:4      | Reached XP level 7. HP: 32/32 MP: 8/13
  7182 | D:4      | Killed Eustachio
  7183 | D:4      | Reached skill level 1 in Fighting
  7183 | D:4      | Reached skill level 1 in Earth Magic
  7300 | D:5      | Entered Level 5 of the Dungeon
  7546 | D:5      | Found a staircase to the Ecumenical Temple.
  7558 | D:5      | Noticed Menkaure
  7814 | D:5      | Reached skill level 9 in Stealth
  7822 | D:5      | Found Podaf's Jewellery Emporium.
  7856 | D:5      | Reached *** piety under Uskayaw
  7941 | D:5      | Killed Menkaure
  7942 | D:5      | Reached skill level 5 in Hexes
  8502 | D:5      | Reached **** piety under Uskayaw
  8503 | D:5      | Reached skill level 1 in Shields
  9027 | D:5      | Reached XP level 8. HP: 39/39 MP: 6/15
  9122 | D:5      | Noticed Ijyb
  9181 | D:5      | Killed Ijyb
  9547 | D:6      | Reached skill level 1 in Transmutations
  9591 | D:6      | Found a bloodstained altar of Trog.
  9755 | D:6      | Reached skill level 5 in Dodging
  9830 | D:6      | Reached skill level 10 in Stealth
 10237 | D:6      | Found a shimmering blue altar of Sif Muna.
 10663 | D:7      | Reached XP level 9. HP: 44/44 MP: 13/16
 10712 | D:7      | Found a hazy altar of Hepliaklqana.
 12171 | D:8      | Reached skill level 11 in Stealth
 12706 | D:8      | Found Pasoclua's Book Shoppe.
 13460 | D:9      | Found a radiant altar of Vehumet.
 13460 | D:9      | Found a sacrificial altar of Ru.
 13460 | D:9      | Found a glowing golden altar of the Shining One.
 13460 | D:9      | Noticed a troll
 13469 | D:9      | Killed a troll
 13588 | D:9      | Noticed a moth of wrath
 13590 | D:9      | Found a bloodstained altar of Trog.
 13873 | D:9      | Found a staircase to the Lair.
 13982 | D:9      | Reached skill level 12 in Stealth
 13982 | D:9      | Reached XP level 10. HP: 49/49 MP: 17/17
 14844 | D:9      | Reached ***** piety under Uskayaw
 14935 | D:10     | Entered Level 10 of the Dungeon
 15085 | D:10     | Noticed a gargoyle
 15116 | D:10     | Killed a gargoyle
 15247 | D:10     | Reached skill level 13 in Stealth
 15446 | D:10     | Found a runed translucent door.
 15477 | D:10     | Reached skill level 5 in Shields
 15686 | D:10     | Found a runed translucent door.
 15832 | D:10     | Found a runed translucent door.
 15896 | D:10     | Found the +10 tower shield of Ignorance {rN+ Int-4}
 15916 | D:10     | Found a runed translucent door.
 15933 | D:10     | Noticed an orange crystal statue
 16753 | D:10     | Noticed a boulder beetle
 16761 | D:10     | Noticed a boulder beetle
 16801 | D:10     | Killed a boulder beetle
 16802 | D:10     | Reached skill level 14 in Stealth
 16802 | D:10     | Reached XP level 11. HP: 42/52 MP: 18/18
 16804 | D:10     | Killed a boulder beetle
 17208 | D:11     | Noticed Maurice
 17334 | D:11     | Killed Maurice
 17337 | D:11     | Noticed a two-headed ogre
 17357 | D:11     | Killed a two-headed ogre
 17460 | D:11     | Found Xargh's Magic Scroll Emporium.
 17680 | D:11     | Noticed an unseen horror
 17700 | D:11     | Identified a scroll of acquirement
 17700 | D:11     | Acquired 923 gold pieces
 18059 | D:8      | Bought a book of Burglary for 975 gold pieces
 18066 | D:8      | Learned a level 6 spell: Invisibility
 18071 | D:8      | Learned a level 4 spell: Passage of Golubria
 18359 | D:11     | Noticed a two-headed ogre
 18572 | D:11     | Killed a two-headed ogre
 18573 | D:11     | Reached skill level 1 in Invocations
 18900 | D:11     | Killed an unseen horror
 19460 | D:5      | Noticed Pikel
 19466 | D:5      | Killed Pikel
 19634 | Lair:1   | Entered Level 1 of the Lair of Beasts
 19704 | Lair:1   | Reached skill level 15 in Stealth
 20003 | Lair:1   | Noticed Harold
 20027 | Lair:1   | Killed Harold
 20028 | Lair:1   | Reached skill level 5 in Spellcasting
 20028 | Lair:1   | Reached skill level 1 in Translocations
 20224 | Lair:1   | Noticed Urug
 20288 | Lair:1   | Killed Urug
 20289 | Lair:1   | Reached XP level 12. HP: 26/58 MP: 15/20
 20523 | Lair:1   | Got a shimmering robe
 20534 | Lair:1   | Identified the +1 robe of the Hall of Blades {rF- Int+8
                  | Stlth-} (You found it on level 1 of the Lair of Beasts)
 21010 | Lair:2   | Found a gate leading to a gauntlet.
 21013 | Lair:2   | Got a transparent tin ring
 21023 | Lair:2   | Identified the ring "Varoiv" {Fire Int+4} (You found it on
                  | level 2 of the Lair of Beasts)
 21079 | Gauntlet | Entered a Gauntlet
 21079 | Gauntlet | Found a transporter.
 21079 | Gauntlet | Found a transporter.
 21079 | Gauntlet | Found a transporter.
 21079 | Gauntlet | Found a transporter.
 21079 | Gauntlet | Noticed a catoblepas
 21083 | Gauntlet | Found a transporter.
 21083 | Gauntlet | Found a transporter.
 21095 | Gauntlet | Found a transporter.
 21097 | Gauntlet | Found a transporter.
 21103 | Gauntlet | Noticed a ghost crab
 21109 | Gauntlet | Found a transporter.
 21209 | Gauntlet | Found a transporter.
 21213 | Gauntlet | Found a transporter.
 21223 | Gauntlet | Found a transporter.
 21380 | Gauntlet | Gained mutation: You are weak. (Str -2) [mutagenic glow]
 21445 | Gauntlet | Got a masterwork hat
 21476 | Gauntlet | Noticed a minotaur
 21643 | Lair:2   | Identified the cursed -3 hat "Seicylok" {Str+2} (You found
                  | it in a Gauntlet)
 22030 | Lair:2   | Reached ****** piety under Uskayaw
 22126 | Lair:2   | Noticed a four-headed hydra
 22339 | Lair:2   | Killed a four-headed hydra
 22340 | Lair:2   | Reached skill level 5 in Fighting
 22847 | Lair:3   | Reached skill level 10 in Hexes
 23366 | Lair:3   | Reached skill level 10 in Dodging
 23541 | Lair:3   | Found a hole to the Spider Nest.
 24081 | Lair:3   | Reached skill level 5 in Translocations
 24151 | Lair:3   | Noticed an eight-headed hydra
 24164 | Lair:3   | Killed an eight-headed hydra
 24430 | Lair:3   | Reached skill level 10 in Short Blades
 24636 | Lair:4   | Found a staircase to the Shoals.
 24713 | Lair:4   | Reached skill level 16 in Stealth
 24738 | Lair:4   | Reached XP level 13. HP: 52/65 MP: 17/23
 26402 | Lair:5   | Noticed Sonja
 26650 | Lair:5   | Cast into level 1 of the Abyss (Sonja)
 26729 | Abyss:1  | Noticed a starcursed mass
 26816 | Lair:5   | Escaped the Abyss
 26822 | Lair:5   | Killed Sonja
 27067 | Lair:4   | Gained mutation: You do not regenerate when monsters are
                  | visible. [mutagenic glow]
 27211 | Lair:5   | You fall into a shaft and drop 1 floor!
 27211 | Lair:6   | Entered Level 6 of the Lair of Beasts
 28208 | Lair:5   | Reached skill level 5 in Invocations
 28209 | Lair:5   | Reached skill level 17 in Stealth
 28315 | Lair:6   | Lost strength.
 28315 | Lair:6   | Gained mutation: You are very weak. (Str -4) [mutagenic
                  | glow]
 29289 | Lair:6   | HP: 5/68 [four-headed hydra (8)]
 30302 | Lair:6   | Found a viscous altar of Jiyva.
 30303 | Lair:6   | Found a staircase to the Slime Pits.
 30673 | Lair:6   | Reached XP level 14. HP: 64/73 MP: 20/27
 30695 | Lair:6   | Found a large runed translucent door.
 30695 | Lair:6   | Found a large runed translucent door.
 32658 | D:12     | Found a staircase to the Orcish Mines.
 33903 | D:12     | Reached skill level 10 in Translocations
 34269 | D:13     | Found a frozen archway.
 34287 | IceCv    | Entered an ice cave
 34867 | IceCv    | Got a fine iron ring
 34889 | IceCv    | Got a glittering glass ring
 34891 | IceCv    | Got a transparent amber ring
 34960 | IceCv    | Identified the ring of Wuamakem {Int+2 Stlth-} (You found
                  | it in an ice cave)
 34961 | IceCv    | Identified the ring "Ygecuenk" {Str+6 Dex+6} (You found it
                  | in an ice cave)
 34990 | IceCv    | Identified the ring of Nuinulo {rPois rN+ Dex+6 Slay-4}
                  | (You found it in an ice cave)
 35531 | D:13     | Reached skill level 18 in Stealth
 35555 | D:13     | Found a gate to the Vaults.
 36060 | D:14     | HP: 4/76 [salamander/+0 halberd (14)]
 36411 | D:14     | Found Loliukhliat's Serpentskin Sales.
 36422 | D:14     | You fall into a shaft and drop 1 floor!
 36422 | D:15     | Entered Level 15 of the Dungeon
 36422 | D:15     | Found a staircase to the Depths.
 36423 | D:15     | Noticed a fire giant
 36523 | D:14     | Found a snail-covered altar of Cheibriados.
 36696 | D:14     | Found a transporter.
 36759 | D:14     | Noticed a sphinx
 36759 | D:14     | Noticed Juagon's ghost (journeyman FoAK)
 36827 | D:14     | Found a transporter.
 37563 | D:3      | Killed Sun's ghost
 37950 | D:15     | Reached skill level 10 in Spellcasting
 38081 | D:15     | Reached skill level 10 in Fighting
 38172 | D:15     | Reached XP level 15. HP: 77/80 MP: 25/30
 38842 | D:15     | Killed a fire giant
 39028 | D:15     | Noticed Josephine
 39042 | D:15     | Killed Josephine
 39462 | D:15     | Found Vomp's Antique Weapon Shoppe.
 39696 | Orc:1    | Entered Level 1 of the Orcish Mines
 40072 | Orc:1    | Found Abrogam's Antique Weapon Shop.
 40082 | Orc:1    | Bought an ancient dagger for 189 gold pieces
 40082 | Orc:1    | Identified the +11 dagger of Circularity {flame, rN+} (You
                  | bought it in a shop on level 1 of the Orcish Mines)
 40106 | Orc:1    | Found Mika's Distillery.
 40117 | Orc:1    | Bought a potion of curing for 36 gold pieces
 40117 | Orc:1    | Bought a potion of heal wounds for 60 gold pieces
 40117 | Orc:1    | Bought a potion of curing for 36 gold pieces
 40117 | Orc:1    | Bought 2 potions of might for 96 gold pieces
 40117 | Orc:1    | Bought a potion of cancellation for 96 gold pieces
 40117 | Orc:1    | Bought a potion of curing for 36 gold pieces
 40117 | Orc:1    | Bought a potion of curing for 36 gold pieces
 40424 | Orc:1    | Found Fidug's Assorted Antiques.
 40427 | Orc:1    | Bought a papyrus book for 480 gold pieces
 40427 | Orc:1    | Bought a scroll of blinking for 240 gold pieces
 40427 | Orc:1    | Bought a scroll of identify for 64 gold pieces
 40443 | Orc:2    | Entered Level 2 of the Orcish Mines
 40491 | Orc:2    | Found Inyczek's Jewellery Shoppe.
 40509 | Orc:2    | Found Otuing's Antique Weapon Boutique.
 40531 | Orc:2    | HP: 2/81 [ogre mage/bolt of lightning (42)]
 40542 | Orc:2    | Hit by a large rock thrown by a cyclops

Illustrated notes

Levels and vault maps discovered:
D:1:      evilmike_arrival_plus, layout_loops_ring, st_stairs_12
D:2:      layout_basic, grunt_temple_overflow_diamond
D:3:      layout_loops_corners, gammafunk_ghost_smash
D:4:      layout_basic, serial_shops, shop, minmay_manual_mandibuliform,
          uniq_eustachio
D:5:      layout_loops_ring, minmay_temple_entry_waves, serial_shops, shop,
          uniq_menkaure, uniq_ijyb, uniq_pikel
D:6:      layout_cave_pools, marbit_many_paths, kennysheep_mini
D:7:      layout_basic, kennysheep_mini_moat
D:8:      wad_crossroads, layout_basic, serial_shops,
          nicolae_shop_window_shopping
D:9:      layout_basic, gammafunk_temple_overflow_forgotten, lair_entry_dummy,
          tgw_trog
D:10:     cheibrodos_histonic, layout_basic, chequers_guarded_unrand_ignorance
D:11:     layout_roguey, serial_shops, nicolae_shop_waterfront,
          bh_walls_and_bars, uniq_maurice
D:12:     minmay_wizard_corner, layout_irregular_city, david_orc_3,
          serial_glass, glass_columns_a, glass_columns_c, item_on_display_a
D:13:     layout_cave_pools, david_vaults_2,
          portal_ice_cave_entry_animals_and_master
D:14:     layout_long_grid, gammafunk_ghost_arena, lemuel_altar_in_water,
          guppyfry_shop_venom
D:15:     grunt_enter_depths_giant_problem, layout_basic, hex_intersection,
          serial_shops, shop, uniq_josephine
Lair:1:   layout_hall_layers, uniq_harold, uniq_urug
Lair:2:   layout_cave_shapes, gauntlet_entry_generic, grunt_megastairs_2
Lair:3:   layout_roguey, spider_nest_entry_webs, grunt_megastairs_3,
          lemuel_fruit_fields
Lair:4:   layout_small_grid, elwin_shoals_entry_rocks, serial_bayou_shore_b
Lair:5:   layout_regular_city, uniq_sonja
Lair:6:   cheibrodos_lair_end_hotspot, layout_regular_city, slime_altar_1
Orc:1:    layout_caves, serial_shops, nicolae_shop_behind_doors, shop,
          nicolae_shop_competitors_out_of_business, guppyfry_orc_lava_fort
Orc:2:    st_orc_open, layout_caves

Skill      XL: |  1  2  3  4  5  6  7  8  9 10 11 12 13 14 15 |
---------------+----------------------------------------------+-----
Stealth        | 5 6 7 8 9 10 12 14 15 16 17 18 | 18.0
Short Blades   | 2 3 4 5 7 9 10 | 10.3
Spellcasting   | 3 4 5 6 8 10 11 | 11.0
Hexes          | 4 5 6 8 9 10 | 10.9
Fighting       | 2 3 4 6 8 10 11 | 11.0
Earth Magic    | 2 3 |  3.0
Shields        | 1 2 4 5 6 7 |  7.2
Dodging        | 4 5 8 9 10 12 14 | 14.8
Transmutations | 3 4 |  4.0
Invocations    | 2 3 5 6 7 |  7.3
Translocations | 1 6 9 11 12 | 12.5

Action                   |  1- 3 |  4- 6 |  7- 9 | 10-12 | 13-15 || total
-------------------------+-------+-------+-------+-------+-------++-------
Melee: Dagger            |   122 |    87 |   100 |       |    43 ||   352
       Short sword       |       |       |   181 |   456 |   839 ||  1476
Throw: Dart              |       |     7 |     3 |     1 |       ||    11
 Cast: Corona            |    11 |       |       |    20 |       ||    31
       Ensorcelled Hiber |    35 |    39 |    80 |   110 |    66 ||   330
       Confusing Touch   |       |     1 |     9 |    21 |     4 ||    35
       Passwall          |       |     1 |    28 |    22 |    15 ||    66
       Invisibility      |       |       |       |    13 |    46 ||    59
Invok: Stomp             |       |       |     2 |       |       ||     2
       Line Pass         |       |       |     1 |       |     1 ||     2
Evoke: Wand              |       |       |     2 |     6 |     3 ||    11
       Condenser vane    |       |       |       |       |     1 ||     1
  Use: Scroll            |     6 |     4 |    10 |    15 |    24 ||    59
       Potion            |       |     1 |     1 |    11 |     7 ||    20
 Stab: Sleeping          |    26 |    41 |    74 |    97 |    75 ||   313
       Confused          |       |     1 |    12 |    18 |     3 ||    34
       Paralysed         |       |       |     6 |    14 |    72 ||    92
       Invisible         |       |       |       |    28 |   147 ||   175
       Distracted        |       |       |       |       |     3 ||     3
Armor: Robe              |    15 |     2 |    12 |     4 |     7 ||    40
       Steam dragon scal |       |       |       |       |    10 ||    10
Dodge: Dodged            |    89 |    50 |   181 |   196 |   556 ||  1072
Block: Buckler           |       |       |       |    45 |   266 ||   311

Table legend: (Time is in decaauts)
 A = Elapsed time spent in this place.
 B = Non-inter-level travel time spent in this place.
 C = Inter-level travel time spent in this place.
 D = Time resting spent in this place.
 E = Time spent auto-exploring this place.
 F = Levels seen in this place.
 G = Mean time per level.
                   A        B        C        D        E       F      G
               +--------+--------+--------+--------+--------+-----+--------+
         Total |  34021 |  32153 |   1868 |  11390 |  13064 |  26 | 1308.5 |
       Dungeon |  20543 |  18939 |   1604 |   5158 |   8899 |  15 | 1369.5 |
          Lair |  11304 |  11057 |    247 |   5327 |   3670 |   6 | 1884.0 |
  Orcish Mines |    585 |    568 |     17 |      0 |    388 |   2 |  292.5 |
         Abyss |    100 |    100 |      0 |      0 |      0 |   1 |  100.0 |
      Ice Cave |   1071 |   1071 |      0 |    724 |     18 |   1 | 1071.0 |
      Gauntlet |    415 |    415 |      0 |    180 |     86 |   1 |  415.0 |
               +--------+--------+--------+--------+--------+-----+--------+

Top non-repeatable levels by time:
  Lair:6: 4415 daAuts
    D:12: 2277 daAuts
     D:1: 2042 daAuts
  Lair:5: 1979 daAuts
    D:10: 1936 daAuts
     D:4: 1853 daAuts
     D:2: 1591 daAuts
     D:9: 1554 daAuts
  Lair:4: 1460 daAuts
     D:8: 1451 daAuts
     D:5: 1415 daAuts
    D:11: 1230 daAuts
  Lair:2: 1189 daAuts
  Lair:1: 1148 daAuts
  Lair:3: 1111 daAuts
